 Dungeon Crawl Stone Soup version 0.23.2-1-ga50397a6bc (webtiles) character file.

Game seed: 15027635690869620027

184 Mrkan the Skirmisher (level 5, 0/47 HPs)
             Began as a Draconian Fighter on May 19, 2019.
             Was an Initiate of Yredelemnul.
             Slain by a quasit (2 damage)
             ... summoned by Eustachio
             ... on level 4 of the Dungeon.
             The game lasted 00:07:01 (2415 turns).

Mrkan the Skirmisher (Draconian Fighter)            Turns: 2415, Time: 00:07:03

Health: 0/47       AC:  5    Str: 19      XL:     5   Next: 36%
Magic:  5/5        EV: 10    Int:  8      God:    Yredelemnul [......]
Gold:   202        SH:  8    Dex:  6 (11) Spells: 4/4 levels left

rFire    . . .     SeeInvis .   a - +0 flail
rCold    . . .     Gourm    .   b - +0 shield
rNeg     . . .     Faith    .   (armour unavailable)
rPois    .         Spirit   .   (helmet restricted)
rElec    .         Reflect  .   (no cloak)
rCorr    .         Harm     .   (no gloves)
MR       .....                  (no boots)
Stlth    +.........             (no amulet)
HPRegen  0.15/turn              (no ring)
MPRegen  0.09/turn              (no ring)

@: no status effects
A: unfitting armour, cold-blooded, AC +5
a: Renounce Religion


You were on level 4 of the Dungeon.
You worshipped Yredelemnul.
Yredelemnul was noncommittal.
You were not hungry.

You visited 1 branch of the dungeon, and saw 4 of its levels.

You collected 202 gold pieces.

Inventory:

Hand Weapons
 a - a +0 flail (weapon)
Armour
 b - a +0 shield (worn)
Jewellery
 k - an uncursed ring of poison resistance {unknown}
Scrolls
 e - 5 scrolls of identify {unknown}
 f - 2 scrolls of immolation {unknown}
 h - 3 scrolls of fear {unknown}
 j - a scroll of teleportation {unknown}
 l - 2 scrolls of amnesia {unknown}
 m - 4 scrolls of remove curse {unknown}
 n - a scroll of fog {unknown}
 o - 2 scrolls of blinking {unknown}
Potions
 c - a potion of might
 g - 6 potions of curing {unknown}
 i - 3 potions of heal wounds {unknown}
 p - a potion of resistance {unknown}
 r - a potion of magic {unknown}
Comestibles
 d - 5 rations


   Skills:
 + Level 4.3 Fighting
 * Level 4.2 Maces & Flails
 - Level 2.6 Dodging
 - Level 3.8 Shields
 + Level 1.0 Invocations


You had 4 spell levels left.
You didn't know any spells.
Your spell library was empty.

Dungeon Overview and Level Annotations

Branches:
Dungeon (4/15)
 Temple: D:4-7

Altars:
Cheibriados
Hepliaklqana
Okawaru
Yredelemnul

Annotations:
D:4 Eustachio


Innate Abilities, Weirdness & Mutations

Your plain brown scales are hard. (AC +5)
You cannot fit into any form of body armour.
You are cold-blooded and may be slowed by cold attacks.


Message History

The quasit claws you but does no damage.
You block the quasit's attack. The quasit barely misses you.
The quasit closely misses you. The iron imp hits you!
* * * LOW HITPOINT WARNING * * *
Eustachio closely misses you. The quokka skeleton barely misses you.
Okay, then.
You sock the quokka skeleton!
You destroy the quokka skeleton!
Yredelemnul accepts your kill.
The iron imp disappears in a puff of smoke!
The quasit bites you but does no damage.
You block the quasit's attack. The quasit closely misses you.
The quasit bites you but does no damage.
The quasit barely misses you. The quasit closely misses you.
Eustachio casts a spell.
The quasit closely misses you.
The quasit claws you but does no damage.
The quasit claws you.
You die...
Your body rises from the dead as a mindless zombie.

.# ##.#####.##
.. ....!.
#.##....####
##.#8...8...##
#.............
#...<.......
#5ยง5......$.
##@r8r......
##@r.......
#.#...####
#.##..# ..#
..# ### .$# .#


You could see Eustachio, 2 quasits, 2 river rats and a quokka.

Vanquished Creatures
  Jessica (D:3)
  7 adders
  A worm (D:2)
  A dart slug (D:3)
  5 leopard geckos
  2 orcs (D:3)
  3 giant cockroaches
  9 goblins
  7 hobgoblins
  5 jackals (D:2)
  3 quokkas
  17 bats
  A frilled lizard (D:3)
  11 kobolds
  A quokka skeleton (D:4)
  6 rats
80 creatures vanquished.

Notes
Turn   | Place    | Note
-------+----------+-------------------------------------------
     0 | D:1      | Mrkan the Draconian Fighter began the quest for the Orb.
     0 | D:1      | Reached XP level 1. HP: 19/19 MP: 1/1
   113 | D:1      | Reached XP level 2. HP: 26/26 MP: 2/2
   770 | D:2      | Reached XP level 3. HP: 28/33 MP: 3/3
  1137 | D:2      | Reached XP level 4. HP: 14/40 MP: 4/4
  1970 | D:3      | Found an iron altar of Okawaru.
  1971 | D:3      | Found a hazy altar of Hepliaklqana.
  1972 | D:3      | Found a basalt altar of Yredelemnul.
  1978 | D:3      | Became a worshipper of Yredelemnul the Dark
  1980 | D:3      | Noticed Jessica
  1982 | D:3      | Killed Jessica
  1982 | D:3      | Reached XP level 5. HP: 46/46 MP: 5/5
  2025 | D:3      | Found a snail-covered altar of Cheibriados.
  2378 | D:4      | Noticed Eustachio
  2387 | D:3      | Reached skill level 1 in Invocations
  2414 | D:4      | HP: 2/47 [iron imp[Eustachio] (9)]
  2415 | D:4      | Slain by a quasit

Skill      XL: |  1  2  3  4  5 |
---------------+----------------+-----
Maces & Flails | 3 4 |  4.2
Fighting       | 4 |  4.3
Invocations    | 1 |  1.0
Dodging        | |  2.6
Shields        | |  3.8

Action                   |  1- 3 |  4- 6 || total
-------------------------+-------+-------++-------
Melee: Flail             |   156 |   119 ||   275
       Tailslap          |    11 |     6 ||    17
 Stab: Sleeping          |     1 |     1 ||     2
  Eat: Ration            |       |     1 ||     1
       Chunk             |       |     2 ||     2
Armor: Skin              |    81 |    69 ||   150
Dodge: Dodged            |    78 |    96 ||   174
Block: Shield            |   107 |    95 ||   202
